AoeStats
← King dyranutane

Arena

510339204Analyzed
1v1 RM · 1d ago on Sep 30, 2026· 49m 37s· 2 players
Game mode
Random Map
Map size
Tiny (2 player)
Population
200
Speed
Normal
Resources
Standard
Victory
Conquest
Starting age
Dark Age
Ending age
Imperial Age
RankedLock teamsTeams togetherTeam positionsShared explorationLock speedFull tech treeHidden civsTurbo modeCheats
Victory
Defeat
1408
+15
🇩🇪 Vietnamese · Germany
1393
-15
King dyranutane
11:34 Feudal Age
12:44 Loom
15:19 Castle Age
13:01 Horse Collar
13:19 Double-Bit Axe
16:25 Bow Saw
16:31 Heavy Plow
19:29 Wheelbarrow
19:16 Town Watch
21:48 Hand Cart
22:21 Gold Mining
22:39 Stone Mining
29:09 Imperial Age
26:57 Fletching
27:08 Padded Archer Armor
26:36 Crossbowman
28:04 Stone Shaft Mining
28:07 Bodkin Arrow
28:16 Squires
29:38 Leather Archer Armor
29:31 Thumb Ring
30:01 Ballistics
29:54 Forging
29:09 Pikeman
30:18 Bracer
31:43 Chemistry
30:55 Masonry
31:33 Ring Archer Armor
32:24 Hoardings
32:31 Paper Money
32:48 Elite Rattan Archer
33:15 Treadmill Crane
35:40 Two-Man Saw
35:18 Crop Rotation
34:59 Scale Mail Armor
35:04 Halberdier
36:26 Siege Engineers
36:51 Town Patrol
37:08 Chain Mail Armor
37:29 Iron Casting
38:45 Plate Mail Armor
39:02 Sanctity
i cant believe you're not butter
9:44 Feudal Age
13:43 Castle Age
12:24 Double-Bit Axe
12:21 Horse Collar
14:45 Bow Saw
22:44 Wheelbarrow
21:57 Loom
22:00 Town Watch
22:31 Stone Mining
23:53 Scale Barding Armor
24:33 Heavy Plow
28:38 Imperial Age
26:57 Stone Shaft Mining
26:40 Gold Mining
28:03 Fortified Wall
27:35 Treadmill Crane
28:06 Masonry
28:32 Ballistics
28:21 Scale Barding Armor
28:27 Forging
29:25 Chain Barding Armor
29:20 Bloodlines
29:11 Husbandry
28:45 Light Cavalry
30:15 Hand Cart
30:49 Conscription
30:13 Cavalier
32:29 Plate Barding Armor
32:31 Iron Casting
33:13 Crop Rotation
32:30 Elite Jarl
33:30 Fletching
33:11 Hussar
33:19 Vendel Legacy
35:26 Blast Furnace
34:17 Fletching
35:18 Architecture
34:58 Siege Engineers
35:46 Scale Mail Armor
35:47 Padded Archer Armor
36:51 Bodkin Arrow
37:59 Chemistry
36:55 Murder Holes
37:48 Chain Mail Armor
38:50 Bracer
41:15 Two-Man Saw
Connection lost

Rejoining the realm…

Still unreachable

The connection could not be restored.

Session expired

The server has moved on; the page needs a fresh start.